 Dungeon Crawl Stone Soup version 0.31-a0-159-gadcf659a07 (webtiles) character file.

Game seed: 13821091481436470547

11688 qw the Skirmisher (level 11, -15/106 HPs)
             Began as a Naga Hunter on June 12, 2023.
             Was a Priest of Okawaru.
             Demolished by a skyshark (22 damage)
             ... on level 2 of the Lair of Beasts.
             The game lasted 00:04:57 (9268 turns).

qw the Skirmisher (Naga Hunter)                     Turns: 9268, Time: 00:04:58

Health: -15/106    AC: 21    Str: 15    XL:     11   Next: 81%
Magic:  13/15      EV: 15    Int:  9    God:    Okawaru [***...]
Gold:   763        SH:  0    Dex: 18    Spells: 10/10 levels left

rFire   . . .        Y - +0 orcbow
rCold   . . .        (shield currently unavailable)
rNeg    . . .        j - +0 troll leather armour
rPois   +            d - +1 helmet
rElec   .            c - +0 cloak
rCorr   .            p - +1 pair of gloves
SInv    +            (no barding)
Will    +....        g - amulet of the acrobat
Stlth   +++          f - +4 ring of protection
HPRegen 1.17/turn    e - +4 ring of protection
MPRegen 0.14/turn

%: acrobat
@: about to teleport, short of breath, heroic, very slow
A: AC +3, large, see invisible, deformed body, poison resistance, slowness 2,
spit poison 1, naga tail 1
a: Spit Poison, Renounce Religion, Heroism


You were on level 2 of the Lair of Beasts.
You worshipped Okawaru.
Okawaru was most pleased with you.
You visited 3 branches of the dungeon, and saw 12 of its levels.
You also visited: Ossuary.

You collected 1364 gold pieces.
You spent 601 gold pieces at shops.


Innate Abilities, Weirdness & Mutations

Your serpentine skin is tough. (AC +3)
You have supernaturally acute eyesight. (SInv)
Armour fits poorly on your strangely shaped body.
Your system is resistant to poisons. (rPois)
You cover ground very slowly.
You can spit poison.
You have a snake-like lower body.


   Skills:
 - Level 9.0(14.0) Fighting
 + Level 13.1(18.1) Ranged Weapons
 - Level 3.1(8.1) Armour
 - Level 5.0(10.0) Dodging
 - Level 1.5(6.5) Stealth
 - Level 5.8 Invocations


You had 10 spell levels left.
You didn't know any spells.
Your spell library was empty.

Inventory:

Hand Weapons
 Y - a +0 orcbow (weapon)
Armour
 c - a +0 cloak (worn)
 d - a +1 helmet (worn)
 j - a +0 troll leather armour (worn)
 p - a +1 pair of gloves (worn)
Jewellery
 e - a +4 ring of protection (right hand)
 f - a +4 ring of protection (left hand)
 g - an amulet of the acrobat (around neck)
Scrolls
 a - 2 scrolls of identify
Potions
 b - 6 potions of curing
 h - a potion of resistance
 i - 5 potions of haste
 k - 3 potions of mutation
 q - 2 potions of might
 s - 2 potions of magic

Dungeon Overview and Level Annotations

Branches:
Dungeon (8/15)             Temple (1/1) D:4            Lair (3/5) D:8
  Snake (0/4) Lair:2      Ossuary (visited)
  Swamp: Lair:2-3    Shoals: Lair:2-3

Altars:
Ashenzari
Cheibriados
Dithmenos
Elyvilon
Fedhas
Gozag
Hepliaklqana
Kikubaaqudgha
Makhleb
Nemelex Xobeh
Okawaru
Qazlal
Ru
Sif Muna
Trog
Uskayaw
Vehumet
Wu Jian
Xom
Yredelemnul
Zin
The Shining One

Shops:
D:1 (   D:3 (   D:4 !   D:8 =


Message History

There is a stone staircase leading down here.
Enter note:
Enter note:
Enter note:
Enter note:
Enter note:
Enter note:
Enter note:
Enter note:
Enter note:
9264 ||| INVOKING Heroism.
You gain the combat prowess of a mighty hero.
You can no longer speed up your combat.
The skyshark bites you! The skyshark tail-slaps you!
The skyshark tail-slaps you but does no damage.
9265 ||| INVOKING Spit Poison.
Aiming: Spit Poison (1% risk of failure)
Press: ? - help, Shift-Dir - straight line, f - skyshark The splash of poison hits the skyshark.
The skyshark is poisoned.
The skyshark is lightly wounded.
The skyshark misses you. The skyshark tail-slaps you!
The skyshark tail-slaps you but does no damage.
The skyshark bites you! The skyshark tail-slaps you.
The skyshark barely misses you.
You shoot an arrow.
The arrow hits the skyshark but does no damage.
The skyshark is lightly wounded.
The skyshark bites you!! The skyshark barely misses you.
The skyshark completely misses you.
9267 ||| READING scroll of teleportation.
As you read the scroll of teleportation, it crumbles to dust.
You feel strangely unstable. The skyshark bites you!
The skyshark closely misses you. The skyshark completely misses you.
You shoot an arrow. The arrow hits the skyshark!
The skyshark is lightly wounded.
The skyshark misses you. The skyshark closely misses you.
The skyshark tail-slaps you but does no damage.
The skyshark bites you!!
You die...

.#...##..###
##..P##
.#.......P.####
#.%###
..............###
##..#
...P.#.##.##...P#
##.##
.....########..##
#..# .#.### #.##
##.# .#..# #.#
#..# P..##
#####.#####..#
...#
#......l@....#
####
##.##P##.P##.## #
##..###########
#######.#.##
#.##P##.#..#
..........P#
##..#.##P<.#
#########.##
##### #..#


You could see a skyshark (berserk, poisoned).

Vanquished Creatures
  2 black mambas (Lair:1)
  A torpor snail (Lair:1)
  2 cane toads (Lair:1)
  An unseen horror (D:6)
  A rime drake (D:8)
  2 komodo dragons (Lair:1)
  A troll (D:6)
  2 dream sheep (Lair:1)
  2 polar bears
  A hornet (D:8)
  3 blink frogs (Lair:2)
  Prince Ribbit (D:7)
  A wyvern (D:8)
  3 basilisks
  18 yaks
  A steam dragon (D:8)
  8 water moccasins
  2 orc warriors
  An ice beast (D:8)
  A black bear (D:5)
  10 wolves
  2 centaurs
  6 bullfrogs
  2 gnoll sergeants
  4 scorpions
  2 jellies
  4 orc priests
  4 hounds
  5 iguanas
  3 orc wizards (D:7)
  7 hell rats (Lair:2)
  8 mummies (Ossuary)
  6 adders
  16 gnolls
  2 worms
  3 dart slugs
  26 orcs
  7 ball pythons
  6 endoplasms
  5 giant cockroaches
  A gnoll zombie (Ossuary)
  3 goblins
  13 hobgoblins
  3 jackals (D:5)
  A quokka (D:1)
  5 bats
  2 frilled lizards
  2 hobgoblin zombies (Ossuary)
  9 kobolds
  A kobold zombie (Ossuary)
  4 orc zombies (Ossuary)
  11 rats
  A spectral kobold (D:1)
238 creatures vanquished.

Vanquished Creatures (others)
  An orc (D:8)
1 creature vanquished.

Grand Total: 239 creatures vanquished

Notes
Turn   | Place    | Note
-------+----------+-------------------------------------------
     0 | D:1      | qw the Naga Hunter began the quest for the Orb.
     0 | D:1      | Reached XP level 1. HP: 19/19 MP: 1/1
     0 | D:1      | 0 ||| qw: Version: 0.2-a-29-gc1b59c4
     0 | D:1      | 0 ||| qw: Game counter: 4163
     0 | D:1      | 0 ||| qw: Always use a shield: true
     0 | D:1      | 0 ||| qw: God list: Okawaru
     0 | D:1      | 0 ||| qw: Allow faded altars: false
     0 | D:1      | 0 ||| qw: Do Orc after D:15 true
     0 | D:1      | 0 ||| qw: Do second Lair branch before Depths: true
     0 | D:1      | 0 ||| qw: Lair rune preference: random
     0 | D:1      | 0 ||| qw: Plans: Normal
     0 | D:1      | 0 ||| PLANNING D:1-11
    32 | D:1      | 32 ||| INVOKING Spit Poison.
    78 | D:1      | Found a faded altar of an unknown god.
    94 | D:1      | 94 ||| INVOKING Spit Poison.
   156 | D:1      | 156 ||| INVOKING Spit Poison.
   158 | D:1      | Reached skill level 4 in Ranged Weapons
   158 | D:1      | Reached XP level 2. HP: 26/26 MP: 2/2
   186 | D:1      | 186 ||| INVOKING Spit Poison.
   190 | D:1      | Found Eroa's Weapon Emporium.
   194 | D:1      | 194 ||| INVOKING Spit Poison.
   271 | D:1      | 271 ||| INVOKING Spit Poison.
   278 | D:1      | 278 ||| INVOKING Spit Poison.
   319 | D:1      | 319 ||| INVOKING Spit Poison.
   327 | D:1      | 327 ||| INVOKING Spit Poison.
   333 | D:1      | Reached XP level 3. HP: 32/32 MP: 3/3
   333 | D:1      | 333 ||| INVOKING Spit Poison.
   340 | D:1      | 340 ||| INVOKING Spit Poison.
   380 | D:1      | 380 ||| INVOKING Spit Poison.
   400 | D:1      | 400 ||| INVOKING Spit Poison.
   424 | D:1      | 424 ||| INVOKING Spit Poison.
   497 | D:1      | 497 ||| INVOKING Spit Poison.
   642 | D:1      | 642 ||| INVOKING Spit Poison.
   655 | D:1      | 655 ||| INVOKING Spit Poison.
   730 | D:1      | 730 ||| UPGRADING to amulet of the acrobat.
   735 | D:1      | 735 ||| UPGRADING to +4 ring of protection.
   736 | D:1      | 736 ||| READING 6 scrolls labelled YRCHUU UCVUATT.
   737 | D:1      | 737 ||| READING 5 scrolls of identify.
   737 | D:1      | 737 ||| IDENTIFYING bubbling purple potion
   738 | D:1      | 738 ||| DROPPING scroll of butterflies.
   792 | D:2      | 792 ||| INVOKING Spit Poison.
   793 | D:2      | 793 ||| INVOKING Spit Poison.
   799 | D:2      | 799 ||| INVOKING Spit Poison.
   800 | D:2      | 800 ||| INVOKING Spit Poison.
   829 | D:2      | 829 ||| INVOKING Spit Poison.
   840 | D:2      | 840 ||| INVOKING Spit Poison.
   855 | D:2      | 855 ||| INVOKING Spit Poison.
   894 | D:2      | 894 ||| INVOKING Spit Poison.
   900 | D:2      | 900 ||| INVOKING Spit Poison.
   904 | D:2      | Reached skill level 5 in Ranged Weapons
   904 | D:2      | Reached XP level 4. HP: 32/39 MP: 4/4
   969 | D:2      | 969 ||| INVOKING Spit Poison.
   973 | D:2      | 973 ||| INVOKING Spit Poison.
   980 | D:2      | 980 ||| INVOKING Spit Poison.
  1016 | D:2      | 1016 ||| INVOKING Spit Poison.
  1165 | D:2      | 1165 ||| INVOKING Spit Poison.
  1175 | D:2      | 1175 ||| INVOKING Spit Poison.
  1180 | D:2      | 1180 ||| INVOKING Spit Poison.
  1183 | D:2      | 1183 ||| INVOKING Spit Poison.
  1189 | D:2      | 1189 ||| INVOKING Spit Poison.
  1192 | D:2      | 1192 ||| FLEEEEING.
  1193 | D:2      | 1193 ||| FLEEEEING.
  1194 | D:2      | 1194 ||| FLEEEEING.
  1198 | D:2      | 1198 ||| FLEEEEING.
  1199 | D:2      | 1199 ||| FLEEEEING.
  1200 | D:2      | 1200 ||| FLEEEEING.
  1201 | D:2      | 1201 ||| FLEEEEING.
  1207 | D:2      | 1207 ||| FLEEEEING.
  1208 | D:2      | 1208 ||| FLEEEEING.
  1209 | D:2      | 1209 ||| FLEEEEING.
  1215 | D:2      | 1215 ||| STAIRDANCE
  1261 | D:1      | 1261 ||| UPGRADING to +1 helmet.
  1266 | D:1      | 1266 ||| READING scroll labelled GILEPPOLOST.
  1267 | D:1      | 1267 ||| READING 4 scrolls of identify.
  1267 | D:1      | 1267 ||| IDENTIFYING glowing green potion
  1272 | D:2      | 1272 ||| INVOKING Spit Poison.
  1327 | D:2      | 1327 ||| INVOKING Spit Poison.
  1330 | D:2      | 1330 ||| INVOKING Spit Poison.
  1362 | D:2      | 1362 ||| INVOKING Spit Poison.
  1397 | D:2      | 1397 ||| INVOKING Spit Poison.
  1402 | D:2      | 1402 ||| INVOKING Spit Poison.
  1416 | D:2      | 1416 ||| INVOKING Spit Poison.
  1432 | D:2      | 1432 ||| INVOKING Spit Poison.
  1468 | D:2      | 1468 ||| READING scroll labelled GOTANK MEODE.
  1575 | D:3      | 1575 ||| INVOKING Spit Poison.
  1626 | D:3      | 1626 ||| INVOKING Spit Poison.
  1723 | D:3      | 1723 ||| INVOKING Spit Poison.
  1726 | D:3      | Found Bemingu's Antique Weapon Shoppe.
  1891 | D:3      | 1891 ||| INVOKING Spit Poison.
  2107 | D:3      | 2107 ||| UPGRADING to +1 robe of positive energy.
  2117 | D:3      | 2117 ||| DROPPING +0 leather armour.
  2118 | D:3      | 2118 ||| UPGRADING to +0 pair of gloves.
  2123 | D:3      | 2123 ||| READING scroll labelled BEIF YGOESOD.
  2124 | D:3      | 2124 ||| READING scroll labelled QEPOOLE LEGE.
  2125 | D:3      | 2125 ||| READING 3 scrolls of identify.
  2125 | D:3      | 2125 ||| IDENTIFYING lumpy silvery potion
  2126 | D:3      | 2126 ||| READING 2 scrolls of identify.
  2126 | D:3      | 2126 ||| IDENTIFYING bubbling inky potion
  2127 | D:3      | 2127 ||| DROPPING potion of lignification.
  2217 | D:4      | 2217 ||| INVOKING Spit Poison.
  2221 | D:4      | 2221 ||| INVOKING Spit Poison.
  2224 | D:4      | Reached skill level 3 in Fighting
  2240 | D:4      | 2240 ||| INVOKING Spit Poison.
  2243 | D:4      | Reached XP level 5. HP: 49/49 MP: 5/5
  2258 | D:4      | 2258 ||| INVOKING Spit Poison.
  2261 | D:4      | 2261 ||| INVOKING Spit Poison.
  2266 | D:4      | 2266 ||| INVOKING Spit Poison.
  2273 | D:4      | 2273 ||| INVOKING Spit Poison.
  2276 | D:4      | 2276 ||| INVOKING Spit Poison.
  2295 | D:4      | Reached skill level 6 in Ranged Weapons
  2295 | D:4      | Reached XP level 6. HP: 37/56 MP: 6/6
  2297 | D:4      | 2297 ||| INVOKING Spit Poison.
  2302 | D:4      | 2302 ||| INVOKING Spit Poison.
  2312 | D:4      | 2312 ||| INVOKING Spit Poison.
  2424 | D:4      | 2424 ||| INVOKING Spit Poison.
  2431 | D:4      | 2431 ||| INVOKING Spit Poison.
  2492 | D:4      | 2492 ||| INVOKING Spit Poison.
  2542 | D:4      | 2542 ||| INVOKING Spit Poison.
  2557 | D:4      | Found a burning altar of Makhleb.
  2561 | D:4      | Found a shimmering altar of Xom.
  2565 | D:4      | 2565 ||| INVOKING Spit Poison.
  2569 | D:4      | 2569 ||| INVOKING Spit Poison.
  2580 | D:4      | Found a radiant altar of Vehumet.
  2583 | D:4      | Found a hide-covered altar of Uskayaw.
  2585 | D:4      | Found a glowing silver altar of Zin.
  2591 | D:4      | Found a blossoming altar of Fedhas.
  2607 | D:4      | 2607 ||| INVOKING Spit Poison.
  2670 | D:4      | 2670 ||| INVOKING Spit Poison.
  2671 | D:4      | Found Wishrylyohe's Distillery.
  2692 | D:4      | 2692 ||| BUYING potion of curing (39 gold).
  2692 | D:4      | Bought a potion of curing for 39 gold pieces
  2692 | D:4      | 2692 ||| BUYING potion of haste (130 gold).
  2692 | D:4      | Bought a potion of haste for 130 gold pieces
  2778 | D:4      | 2778 ||| INVOKING Spit Poison.
  2779 | D:4      | 2779 ||| INVOKING Spit Poison.
  2891 | D:4      | Found a staircase to the Ecumenical Temple.
  2892 | D:4      | 2892 ||| PLANNING TEMPLE
  2892 | D:4      | 2892 ||| READING scroll labelled XILA NALILE.
  2893 | D:4      | 2893 ||| READING scroll labelled XELAWE FUPLO.
  2894 | D:4      | 2894 ||| READING 3 scrolls of identify.
  2894 | D:4      | 2894 ||| IDENTIFYING viscous puce potion
  2895 | D:4      | 2895 ||| READING 2 scrolls of identify.
  2895 | D:4      | 2895 ||| IDENTIFYING silvery potion
  2896 | D:4      | 2896 ||| DROPPING potion of ambrosia.
  2901 | Temple   | Entered the Ecumenical Temple
  2902 | Temple   | 2902 ||| PLANNING OKAWARU WORSHIP
  2923 | Temple   | Became a worshipper of Warmaster Okawaru
  2923 | Temple   | 2923 ||| PLANNING D:1-11
  3242 | D:5      | Entered Level 5 of the Dungeon
  3243 | D:5      | 3243 ||| PLANNING OSSUARY
  3254 | D:5      | 3254 ||| INVOKING Spit Poison.
  3261 | D:5      | 3261 ||| INVOKING Spit Poison.
  3293 | D:5      | 3293 ||| INVOKING Spit Poison.
  3329 | D:5      | 3329 ||| INVOKING Spit Poison.
  3333 | D:5      | Reached XP level 7. HP: 64/64 MP: 7/7
  3348 | D:5      | 3348 ||| INVOKING Spit Poison.
  3352 | D:5      | 3352 ||| INVOKING Spit Poison.
  3363 | D:5      | 3363 ||| INVOKING Spit Poison.
  3370 | D:5      | 3370 ||| INVOKING Spit Poison.
  3377 | D:5      | 3377 ||| INVOKING Spit Poison.
  3692 | D:5      | Found a sand-covered staircase.
  3693 | D:5      | 3693 ||| UPGRADING to +0 cloak.
  3705 | Ossuary  | Entered an ossuary
  3732 | Ossuary  | Reached skill level 7 in Ranged Weapons
  3742 | Ossuary  | 3742 ||| FLEEEEING.
  3743 | Ossuary  | 3743 ||| FLEEEEING.
  3744 | Ossuary  | 3744 ||| FLEEEEING.
  3745 | Ossuary  | 3745 ||| FLEEEEING.
  3746 | Ossuary  | 3746 ||| FLEEEEING.
  3796 | Ossuary  | Reached * piety under Okawaru
  3797 | Ossuary  | Reached skill level 1 in Armour
  3920 | Ossuary  | Reached skill level 1 in Invocations
  3965 | Ossuary  | 3965 ||| READING scroll of enchant armour.
  3965 | Ossuary  | 3965 ||| ENCHANTING +0 pair of gloves.
  3966 | Ossuary  | 3966 ||| READING scroll labelled PAIDIS NEDD.
  3967 | Ossuary  | 3967 ||| READING 3 scrolls of identify.
  3967 | Ossuary  | 3967 ||| IDENTIFYING blue potion
  3968 | Ossuary  | 3968 ||| READING 2 scrolls of identify.
  3968 | Ossuary  | 3968 ||| IDENTIFYING inky potion
  3969 | Ossuary  | 3969 ||| DROPPING potion of invisibility.
  3970 | Ossuary  | 3970 ||| DROPPING potion of brilliance.
  3995 | D:5      | 3995 ||| PLANNING D:1-11
  4006 | D:5      | 4006 ||| INVOKING Heroism.
  4007 | D:5      | 4007 ||| INVOKING Spit Poison.
  4008 | D:5      | 4008 ||| Stepping ~*~*~tactically~*~*~ (outnumbered).
  4013 | D:5      | 4013 ||| INVOKING Spit Poison.
  4017 | D:5      | 4017 ||| INVOKING Spit Poison.
  4025 | D:5      | 4025 ||| INVOKING Spit Poison.
  4029 | D:5      | 4029 ||| INVOKING Spit Poison.
  4030 | D:5      | 4030 ||| INVOKING Spit Poison.
  4035 | D:5      | 4035 ||| INVOKING Spit Poison.
  4039 | D:5      | 4039 ||| INVOKING Spit Poison.
  4107 | D:5      | 4107 ||| INVOKING Spit Poison.
  4191 | D:5      | 4191 ||| READING 2 scrolls of identify.
  4191 | D:5      | 4191 ||| IDENTIFYING fizzy pink potion
  4223 | D:6      | 4223 ||| INVOKING Spit Poison.
  4350 | D:6      | 4350 ||| INVOKING Spit Poison.
  4368 | D:6      | Noticed a troll
  4369 | D:6      | 4369 ||| INVOKING Heroism.
  4370 | D:6      | 4370 ||| INVOKING Spit Poison.
  4377 | D:6      | 4377 ||| INVOKING Spit Poison.
  4384 | D:6      | HP: 15/64 [troll (5)]
  4385 | D:6      | 4385 ||| READING 4 scrolls of teleportation.
  4386 | D:6      | 4386 ||| DRINKING 2 potions of heal wounds.
  4387 | D:6      | 4387 ||| INVOKING Spit Poison.
  4389 | D:6      | Killed a troll
  4390 | D:6      | Reached skill level 8 in Ranged Weapons
  4390 | D:6      | Reached skill level 3 in Invocations
  4390 | D:6      | Reached XP level 8. HP: 37/72 MP: 8/10
  4391 | D:6      | 4391 ||| INVOKING Heroism.
  4522 | D:6      | Noticed an unseen horror
  4523 | D:6      | 4523 ||| SWAPPING to +0 orcbow.
  4524 | D:6      | 4524 ||| DROPPING +0 shortbow.
  4526 | D:6      | 4526 ||| INVOKING Spit Poison.
  4530 | D:6      | 4530 ||| INVOKING Spit Poison.
  4530 | D:6      | Killed an unseen horror
  4530 | D:6      | Reached ** piety under Okawaru
  4639 | D:6      | 4639 ||| INVOKING Spit Poison.
  4643 | D:6      | 4643 ||| INVOKING Spit Poison.
  4719 | D:6      | 4719 ||| INVOKING Spit Poison.
  4722 | D:6      | 4722 ||| INVOKING Spit Poison.
  4939 | D:6      | 4939 ||| INVOKING Spit Poison.
  4971 | D:6      | You fall into a shaft and drop 1 floor!
  4985 | D:7      | 4985 ||| UPGRADING to +0 troll leather armour.
  4995 | D:7      | 4995 ||| DROPPING +1 robe of positive energy.
  4996 | D:7      | 4996 ||| READING scroll labelled NONKEPOMMETS.
  4997 | D:7      | 4997 ||| DRINKING 2 sedimented golden potions.
  4998 | D:7      | 4998 ||| READING 2 scrolls of identify.
  4998 | D:7      | 4998 ||| IDENTIFYING yellow potion
  4999 | D:7      | 4999 ||| DROPPING potion of attraction.
  5002 | D:7      | 5002 ||| INVOKING Spit Poison.
  5075 | D:6      | 5075 ||| INVOKING Heroism.
  5076 | D:6      | 5076 ||| Stepping ~*~*~tactically~*~*~ (outnumbered).
  5077 | D:6      | 5077 ||| INVOKING Spit Poison.
  5081 | D:6      | 5081 ||| INVOKING Spit Poison.
  5240 | D:6      | 5240 ||| INVOKING Spit Poison.
  5247 | D:6      | 5247 ||| INVOKING Spit Poison.
  5252 | D:6      | 5252 ||| INVOKING Spit Poison.
  5256 | D:6      | 5256 ||| INVOKING Spit Poison.
  5260 | D:6      | 5260 ||| INVOKING Spit Poison.
  5484 | D:6      | 5484 ||| DRINKING 2 white potions.
  5505 | D:7      | 5505 ||| INVOKING Spit Poison.
  5506 | D:7      | Reached XP level 9. HP: 77/81 MP: 12/12
  5549 | D:7      | 5549 ||| INVOKING Heroism.
  5550 | D:7      | 5550 ||| INVOKING Spit Poison.
  5555 | D:7      | Reached skill level 9 in Ranged Weapons
  5556 | D:7      | 5556 ||| INVOKING Spit Poison.
  5564 | D:7      | 5564 ||| INVOKING Spit Poison.
  5570 | D:7      | 5570 ||| INVOKING Spit Poison.
  5574 | D:7      | 5574 ||| INVOKING Spit Poison.
  5576 | D:7      | HP: 19/81 [orc/+0 whip (5)]
  5577 | D:7      | 5577 ||| READING 3 scrolls of teleportation.
  5578 | D:7      | 5578 ||| DRINKING potion of heal wounds.
  5580 | D:7      | 5580 ||| INVOKING Heroism.
  5628 | D:7      | 5628 ||| INVOKING Spit Poison.
  5677 | D:7      | Found a hazy altar of Hepliaklqana.
  5706 | D:7      | 5706 ||| INVOKING Spit Poison.
  5711 | D:7      | 5711 ||| INVOKING Spit Poison.
  5718 | D:7      | 5718 ||| INVOKING Spit Poison.
  5723 | D:7      | 5723 ||| INVOKING Spit Poison.
  5816 | D:7      | 5816 ||| INVOKING Heroism.
  5816 | D:7      | Noticed Prince Ribbit
  5817 | D:7      | 5817 ||| INVOKING Spit Poison.
  5820 | D:7      | Reached skill level 3 in Dodging
  5822 | D:7      | 5822 ||| INVOKING Spit Poison.
  5828 | D:7      | 5828 ||| INVOKING Spit Poison.
  5833 | D:7      | 5833 ||| INVOKING Spit Poison.
  5833 | D:7      | Killed Prince Ribbit
  5834 | D:7      | Reached skill level 6 in Fighting
  6031 | D:8      | 6031 ||| INVOKING Spit Poison.
  6034 | D:8      | 6034 ||| INVOKING Spit Poison.
  6037 | D:8      | 6037 ||| INVOKING Spit Poison.
  6039 | D:8      | 6039 ||| INVOKING Heroism.
  6040 | D:8      | 6040 ||| INVOKING Spit Poison.
  6045 | D:8      | Reached skill level 10 in Ranged Weapons
  6092 | D:8      | 6092 ||| INVOKING Heroism.
  6093 | D:8      | 6093 ||| INVOKING Spit Poison.
  6106 | D:8      | 6106 ||| INVOKING Spit Poison.
  6111 | D:8      | 6111 ||| INVOKING Spit Poison.
  6121 | D:8      | 6121 ||| INVOKING Spit Poison.
  6125 | D:8      | 6125 ||| INVOKING Spit Poison.
  6132 | D:8      | 6132 ||| INVOKING Spit Poison.
  6138 | D:8      | Found Raros's Jewellery Shoppe.
  6144 | D:8      | 6144 ||| BUYING +4 ring of protection (432 gold).
  6144 | D:8      | Bought a +4 ring of protection for 432 gold pieces
  6144 | D:8      | 6144 ||| SHOPLISTING +5 ring of evasion (432 gold, have
                  | 115).
  6144 | D:8      | 6144 ||| SHOPLISTING amulet of reflection (360 gold, have
                  | 115).
  6144 | D:8      | 6144 ||| SHOPLISTING ring of protection from fire (300
                  | gold, have 115).
  6151 | D:8      | 6151 ||| INVOKING Spit Poison.
  6159 | D:8      | 6159 ||| INVOKING Spit Poison.
  6238 | D:8      | 6238 ||| INVOKING Spit Poison.
  6241 | D:8      | 6241 ||| INVOKING Spit Poison.
  6246 | D:8      | 6246 ||| INVOKING Spit Poison.
  6255 | D:8      | 6255 ||| INVOKING Spit Poison.
  6309 | D:8      | 6309 ||| INVOKING Heroism.
  6310 | D:8      | 6310 ||| INVOKING Spit Poison.
  6318 | D:8      | 6318 ||| INVOKING Spit Poison.
  6325 | D:8      | 6325 ||| INVOKING Heroism.
  6327 | D:8      | 6327 ||| INVOKING Spit Poison.
  6336 | D:8      | 6336 ||| INVOKING Spit Poison.
  6501 | D:8      | Noticed a hornet
  6503 | D:8      | 6503 ||| INVOKING Spit Poison.
  6508 | D:8      | 6508 ||| INVOKING Spit Poison.
  6508 | D:8      | Killed a hornet
  6509 | D:8      | Reached XP level 10. HP: 67/94 MP: 13/13
  6720 | D:8      | 6720 ||| INVOKING Heroism.
  6724 | D:8      | 6724 ||| INVOKING Spit Poison.
  6730 | D:8      | 6730 ||| INVOKING Spit Poison.
  6782 | D:8      | Found a staircase to the Lair.
  6788 | D:8      | 6788 ||| PLANNING LAIR
  6788 | D:8      | 6788 ||| UPGRADING to +4 ring of protection.
  6789 | D:8      | 6789 ||| READING scroll labelled GOEPITENEC.
  6790 | D:8      | 6790 ||| DRINKING 2 fizzy silvery potions.
  6791 | D:8      | 6791 ||| READING 2 scrolls of identify.
  6791 | D:8      | 6791 ||| IDENTIFYING glowing cyan potion
  6792 | D:8      | 6792 ||| DROPPING potion of enlightenment.
  6793 | D:8      | 6793 ||| DROPPING potion of degeneration.
  6797 | Lair:1   | Entered Level 1 of the Lair of Beasts
  6798 | Lair:1   | 6798 ||| INVOKING Spit Poison.
  6803 | Lair:1   | 6803 ||| STAIRDANCE
  6805 | D:8      | 6805 ||| INVOKING Spit Poison.
  6810 | D:8      | 6810 ||| INVOKING Spit Poison.
  6827 | Lair:1   | 6827 ||| INVOKING Spit Poison.
  6829 | Lair:1   | 6829 ||| STAIRDANCE
  6832 | D:8      | 6832 ||| INVOKING Spit Poison.
  6836 | D:8      | 6836 ||| INVOKING Spit Poison.
  6840 | D:8      | Reached skill level 11 in Ranged Weapons
  6842 | Lair:1   | 6842 ||| STAIRDANCE
  6844 | D:8      | 6844 ||| INVOKING Spit Poison.
  6850 | D:8      | 6850 ||| INVOKING Spit Poison.
  6853 | D:8      | 6853 ||| INVOKING Heroism.
  6938 | Lair:1   | 6938 ||| INVOKING Heroism.
  6949 | Lair:1   | 6949 ||| INVOKING Spit Poison.
  6954 | Lair:1   | 6954 ||| INVOKING Spit Poison.
  7040 | Lair:1   | 7040 ||| INVOKING Spit Poison.
  7044 | Lair:1   | 7044 ||| INVOKING Spit Poison.
  7048 | Lair:1   | 7048 ||| DRINKING 2 potions of cancellation.
  7049 | Lair:1   | 7049 ||| INVOKING Spit Poison.
  7052 | Lair:1   | Reached *** piety under Okawaru
  7065 | Lair:1   | Noticed a cane toad
  7066 | Lair:1   | 7066 ||| INVOKING Heroism.
  7069 | Lair:1   | Noticed a cane toad
  7072 | Lair:1   | Killed a cane toad
  7084 | Lair:1   | Killed a cane toad
  7117 | Lair:1   | 7117 ||| INVOKING Spit Poison.
  7118 | Lair:1   | 7118 ||| DRINKING potion of cancellation.
  7122 | Lair:1   | Noticed a torpor snail
  7123 | Lair:1   | 7123 ||| INVOKING Heroism.
  7127 | Lair:1   | 7127 ||| INVOKING Spit Poison.
  7131 | Lair:1   | 7131 ||| INVOKING Spit Poison.
  7138 | Lair:1   | 7138 ||| INVOKING Heroism.
  7139 | Lair:1   | 7139 ||| INVOKING Spit Poison.
  7146 | Lair:1   | 7146 ||| INVOKING Spit Poison.
  7150 | Lair:1   | 7150 ||| INVOKING Spit Poison.
  7151 | Lair:1   | Killed a torpor snail
  7235 | Lair:1   | Reached skill level 12 in Ranged Weapons
  7235 | Lair:1   | Reached XP level 11. HP: 103/103 MP: 14/14
  7246 | Lair:1   | Reached **** piety under Okawaru
  7391 | Lair:1   | 7391 ||| INVOKING Heroism.
  7394 | Lair:1   | 7394 ||| INVOKING Spit Poison.
  7485 | Lair:1   | 7485 ||| INVOKING Heroism.
  7513 | Lair:1   | 7513 ||| INVOKING Heroism.
  7629 | Lair:1   | 7629 ||| INVOKING Heroism.
  7631 | Lair:1   | 7631 ||| INVOKING Spit Poison.
  7636 | Lair:1   | 7636 ||| INVOKING Spit Poison.
  7833 | Lair:1   | 7833 ||| READING scroll labelled BIDEUN RUYJ.
  7833 | Lair:1   | Identified a scroll of acquirement
  7833 | Lair:1   | 7833 ||| ACQUIRING 350 gold pieces
  7833 | Lair:1   | Acquired 350 gold pieces
  7873 | Lair:2   | 7873 ||| INVOKING Spit Poison.
  7878 | Lair:2   | 7878 ||| STAIRDANCE
  7880 | Lair:1   | 7880 ||| INVOKING Spit Poison.
  7886 | Lair:1   | 7886 ||| INVOKING Heroism.
  7887 | Lair:1   | 7887 ||| INVOKING Spit Poison.
  7891 | Lair:1   | 7891 ||| INVOKING Spit Poison.
  7896 | Lair:1   | 7896 ||| INVOKING Spit Poison.
  7929 | Lair:2   | 7929 ||| INVOKING Spit Poison.
  7932 | Lair:2   | 7932 ||| STAIRDANCE
  7935 | Lair:1   | 7935 ||| INVOKING Spit Poison.
  7941 | Lair:1   | 7941 ||| INVOKING Heroism.
  7943 | Lair:1   | 7943 ||| INVOKING Spit Poison.
  7950 | Lair:1   | 7950 ||| INVOKING Spit Poison.
  7987 | Lair:2   | Found a staircase to the Snake Pit.
  7991 | Lair:2   | 7991 ||| INVOKING Spit Poison.
  7996 | Lair:2   | 7996 ||| INVOKING Spit Poison.
  8004 | Lair:2   | 8004 ||| INVOKING Spit Poison.
  8009 | Lair:2   | Reached skill level 13 in Ranged Weapons
  8012 | Lair:2   | 8012 ||| INVOKING Spit Poison.
  8018 | Lair:2   | 8018 ||| INVOKING Spit Poison.
  8020 | Lair:2   | 8020 ||| INVOKING Heroism.
  8024 | Lair:2   | 8024 ||| INVOKING Spit Poison.
  8119 | Lair:2   | 8119 ||| INVOKING Heroism.
  8122 | Lair:2   | 8122 ||| INVOKING Spit Poison.
  8126 | Lair:2   | 8126 ||| INVOKING Spit Poison.
  8164 | Lair:2   | 8164 ||| INVOKING Spit Poison.
  8172 | Lair:2   | 8172 ||| INVOKING Spit Poison.
  8184 | Lair:2   | 8184 ||| INVOKING Spit Poison.
  8185 | Lair:2   | 8185 ||| INVOKING Heroism.
  8187 | Lair:2   | Reached skill level 9 in Fighting
  8192 | Lair:2   | 8192 ||| INVOKING Spit Poison.
  8202 | Lair:2   | 8202 ||| INVOKING Spit Poison.
  8204 | Lair:2   | HP: 21/106 [yak (9)]
  8205 | Lair:2   | 8205 ||| READING 3 scrolls of teleportation.
  8283 | Lair:2   | 8283 ||| INVOKING Spit Poison.
  8290 | Lair:2   | 8290 ||| INVOKING Spit Poison.
  8298 | Lair:2   | 8298 ||| INVOKING Spit Poison.
  8339 | Lair:2   | 8339 ||| INVOKING Spit Poison.
  8346 | Lair:2   | 8346 ||| INVOKING Spit Poison.
  8354 | Lair:2   | 8354 ||| INVOKING Heroism.
  8355 | Lair:2   | 8355 ||| INVOKING Spit Poison.
  8363 | Lair:2   | 8363 ||| INVOKING Spit Poison.
  8370 | Lair:2   | 8370 ||| INVOKING Spit Poison.
  8552 | Lair:2   | 8552 ||| INVOKING Spit Poison.
  8557 | Lair:2   | 8557 ||| INVOKING Heroism.
  8560 | Lair:2   | 8560 ||| INVOKING Spit Poison.
  8562 | Lair:2   | Reached skill level 3 in Armour
  8564 | Lair:2   | 8564 ||| INVOKING Spit Poison.
  8572 | Lair:2   | 8572 ||| INVOKING Spit Poison.
  8576 | Lair:2   | 8576 ||| INVOKING Spit Poison.
  8586 | Lair:2   | 8586 ||| INVOKING Spit Poison.
  8590 | Lair:2   | HP: 24/100 [yak (3)]
  8591 | Lair:2   | 8591 ||| READING 2 scrolls of teleportation.
  8591 | Lair:2   | HP: 10/100 [yak (2)]
  8592 | Lair:2   | 8592 ||| INVOKING Heroism.
  8592 | Lair:2   | HP: 4/100 [yak (7)]
  8593 | Lair:2   | 8593 ||| INVOKING Spit Poison.
  8595 | Lair:2   | 8595 ||| READING scroll of teleportation.
  8599 | Lair:2   | HP: 4/100 [yak (6)]
  8631 | Lair:2   | 8631 ||| INVOKING Heroism.
  8632 | Lair:2   | 8632 ||| INVOKING Spit Poison.
  8714 | Lair:2   | 8714 ||| INVOKING Spit Poison.
  8847 | Lair:2   | 8847 ||| INVOKING Spit Poison.
  8855 | Lair:2   | 8855 ||| INVOKING Spit Poison.
  8860 | Lair:2   | 8860 ||| INVOKING Spit Poison.
  8869 | Lair:2   | 8869 ||| INVOKING Spit Poison.
  8872 | Lair:2   | 8872 ||| INVOKING Heroism.
  8874 | Lair:2   | 8874 ||| INVOKING Spit Poison.
  9247 | Lair:2   | 9247 ||| READING scroll labelled SAUKLE BOUKU.
  9255 | Lair:3   | Noticed a skyshark
  9258 | Lair:3   | 9258 ||| INVOKING Spit Poison.
  9262 | Lair:3   | 9262 ||| STAIRDANCE
  9264 | Lair:2   | 9264 ||| INVOKING Heroism.
  9265 | Lair:2   | 9265 ||| INVOKING Spit Poison.
  9266 | Lair:2   | HP: 14/106 [skyshark (21)]
  9267 | Lair:2   | 9267 ||| READING scroll of teleportation.
  9267 | Lair:2   | HP: 6/106 [skyshark (9)]
  9268 | Lair:2   | Demolished by a skyshark

Levels and vault maps discovered:
D:1:      dpeg_arrival_rooms_a, layout_loops_ring,
          dreamdust_ecumenical_altar_drowned_temple, serial_shops,
          nicolae_shop_pleasant_corner_grove, corner_web_ring,
          amcnicky_mini_rare_corridor_liquid, minmay_bisected
D:2:      layout_loops_ring, minmay_rat_gold_closets
D:3:      layout_loops_ring, serial_shops, nicolae_shop_back_alley_shop
D:4:      layout_basic, nicolae_overflow_hallway_of_the_gods, temple_statues,
          serial_shops, shop_coins, minmay_starry_boxes
D:5:      layout_rooms, enter_ossuary_3
D:6:      layout_loops_corners, serial_aquarium, aquarium_bridge_square
          [aquarium_subvault_balcony, aquarium_subvault_wall,
          aquarium_subvault_bridge, aquarium_subvault_bridge],
          aquarium_window_corridor_1, aquarium_window_fake, aquarium_view_2b,
          aquarium_view_2c, aquarium_balcony_3b, minmay_three_doors
D:7:      layout_rooms, mainiacjoe_overflow_brackets, serial_park_tiny_2,
          uniq_prince_ribbit1
D:8:      layout_loops_ring, lair_entry_dummy, serial_shops,
          nicolae_shop_rolling_square
Temple:   hellmonk_temple_two_chambers
Lair:1:   layout_loops_ring, grunt_megastairs_4, serial_bayou_shore_a
Lair:2:   layout_loops_ring, dummy_snake_entry
Lair:3:   layout_cave_pods, nicolae_swamp_entry_spooky, st_stairs_4

Skill      XL: |  1  2  3  4  5  6  7  8  9 10 11 |
---------------+----------------------------------+-----
Ranged Weapons | 4 5 6 8 10 12 13 | 13.1
Fighting       | 3 4 5 7 8 9 |  9.0
Dodging        | 2 3 4 5 |  5.0
Armour         | 1 2 3 |  3.1
Invocations    | 3 4 5 |  5.8
Stealth        | |  1.5

Action                     |  1- 3 |  4- 6 |  7- 9 | 10-12 || total
---------------------------+-------+-------+-------+-------++-------
   Fire: Shortbow          |    58 |   144 |   160 |       ||   362
         Orcbow            |       |       |   177 |   397 ||   574
 Invoke: Heroism           |       |       |    11 |    21 ||    32
Ability: Spit Poison       |    24 |    45 |    70 |    70 ||   209
    Use: Scroll            |     2 |    11 |     9 |     8 ||    30
         Potion            |       |       |     4 |     3 ||     7
 Armour: Leather armour    |     7 |    12 |       |       ||    19
         Robe              |       |    21 |    55 |       ||    76
         Troll leather arm |       |       |    90 |   207 ||   297
  Dodge: Dodged            |     7 |    46 |   205 |   296 ||   554

Table legend:
 A = Non-vault XP
 B = Vault XP
 C = Vault XP percentage of total XP
 D = Non-vault monster count
 E = Vault monster count
 F = Vault count percentage of total count
                 A         B        C        D         E       F
            +---------+---------+-------+---------+---------+-------
      Total |   14564 |    2134 |  12.8 |     199 |      39 |  16.4
            +---------+---------+-------+---------+---------+-------
        D:1 |      58 |       2 |   3.3 |      27 |       2 |   6.9
        D:2 |      58 |       7 |  10.8 |      16 |       7 |  30.4
        D:3 |      17 |       0 |   0.0 |       8 |       0 |   0.0
        D:4 |     234 |     134 |  36.4 |      16 |       6 |  27.3
        D:5 |     433 |       0 |   0.0 |      17 |       0 |   0.0
        D:6 |     536 |     717 |  57.2 |      14 |       3 |  17.6
        D:7 |     630 |     251 |  28.5 |      18 |       1 |   5.3
        D:8 |    2626 |       0 |   0.0 |      31 |       0 |   0.0
     Lair:1 |    4914 |     870 |  15.0 |      21 |       4 |  16.0
     Lair:2 |    4913 |       0 |   0.0 |      30 |       0 |   0.0
     Lair:3 |     145 |       0 |   0.0 |       1 |       0 |   0.0
    Ossuary |       0 |     153 | 100.0 |       0 |      16 | 100.0
            +---------+---------+-------+---------+---------+-------
